[Event "Titled Tuesday Blitz August 08 Early 2023"]
[White "AndresDelgado77"]
[Black "Nozdrachev, Leonid"]
[BlackFideId "24113433"]
[WhiteElo "2370"]
[BlackElo "2565"]
[Result "0-1"]
[Round "3"]
[TimeControl "180+1"]
[Date "2023.08.08"]
[WhiteClock "0:00:49"]
[BlackClock "0:02:38"]
[Board "162"]

1. e4 c6 2. d4 d5 3. Nc3 dxe4 4. Nxe4 Nf6 5. Nxf6+ gxf6 6. Be2 Bf5 7. Nf3 e6 8. Nh4 Rg8 9. Nxf5 Qa5+ 10. Bd2 Qxf5 11. Bf3 Na6 12. Qe2 Qxc2 13. Rc1 Qxb2 14. Rb1 Qxb1+ 0-1


[Site "https://www.chess.com"]

[Event "Titled Tuesday Blitz August 08 Early 2023"]
[White "Taboas Rodriguez, Daniel"]
[Black "K2JW"]
[WhiteFideId "2208466"]
[WhiteElo "2565"]
[BlackElo "2377"]
[Result "1-0"]
[Round "3"]
[TimeControl "180+1"]
[Date "2023.08.08"]
[WhiteClock "0:02:07"]
[BlackClock "0:01:56"]
[Board "163"]

1. d4 Nf6 2. Nf3 c5 3. d5 d6 4. c4 e6 5. Nc3 exd5 6. cxd5 g6 7. e4 Bg7 8. h3 O-O 9. Bd3 b5 10. Nxb5 Re8 11. O-O Nxe4 12. Re1 Nf6 13. Bf4 Rxe1+ 14. Qxe1 Nxd5 15. Be4 Bb7 16. Rd1 a6 17. Nxd6 1-0


[Site "https://www.chess.com"]

[Event "Titled Tuesday Blitz August 08 Early 2023"]
[White "KorolDimitriy75"]
[Black "Veiga, Jose Francisco R P Neves"]
[BlackFideId "1930087"]
[WhiteElo "2369"]
[BlackElo "2562"]
[Result "1/2-1/2"]
[Round "3"]
[TimeControl "180+1"]
[Date "2023.08.08"]
[WhiteClock "0:00:11"]
[BlackClock "0:01:13"]
[Board "164"]

1. d4 Nf6 2. c4 g6 3. Nc3 Bg7 4. e4 O-O 5. Nf3 d6 6. Be2 Bg4 7. Be3 Nfd7 8. Rc1 c5 9. d5 Na6 10. O-O Nc7 11. Ne1 Bxe2 12. Qxe2 a6 13. f4 b5 14. b3 e6 15. Nf3 exd5 16. Nxd5 Nxd5 17. exd5 Re8 18. Rfe1 Nf6 19. h3 Ne4 20. Qd3 f5 21. Kh2 Qf6 22. Nd2 Qh4 23. Nxe4 Rxe4 24. Re2 Rae8 25. Rce1 Bh6 26. Bd2 Bxf4+ 27. Bxf4 Qxf4+ 28. g3 Qe5 29. Rxe4 fxe4 30. Qe2 Qd4 31. Rd1 Qe5 32. cxb5 axb5 33. Qxb5 e3 34. Qe2 Rf8 35. Rf1 Rxf1 36. Qxf1 Qxd5 37. Qf6 Qe5 38. Qxe5 dxe5 39. Kg2 Kf7 40. Kf3 Ke6 41. Kxe3 Kd5 42. a4 c4 43. b4 e4 44. a5 c3 45. a6 Kc6 46. b5+ Kb6 47. g4 g5 48. Ke2 h6 49. Ke3 Ka7 50. Ke2 Kb6 51. Ke3 1/2-1/2


[Site "https://www.chess.com"]

[Event "Titled Tuesday Blitz August 08 Early 2023"]
[White "Mogirzan, Matei-Valeriu"]
[Black "Krzywda, Andrzej"]
[WhiteFideId "1257455"]
[BlackFideId "1114565"]
[WhiteElo "2561"]
[BlackElo "2367"]
[Result "1-0"]
[Round "3"]
[TimeControl "180+1"]
[Date "2023.08.08"]
[WhiteClock "0:00:22"]
[BlackClock "0:00:12"]
[Board "165"]

1. e4 e5 2. Nf3 Nf6 3. Nc3 Bb4 4. Nxe5 O-O 5. Be2 Re8 6. O-O Rxe5 7. d4 Re8 8. e5 Bxc3 9. bxc3 Ne4 10. Bd3 d5 11. f3 Nxc3 12. Qe1 Na4 13. f4 c5 14. c3 f5 15. Qd1 Nb6 16. g4 cxd4 17. gxf5 Nc6 18. Qh5 Qd7 19. e6 Qe7 20. f6 gxf6 21. Bxh7+ Qxh7 22. Qxe8+ Kg7 23. Rf3 Qg6+ 24. Rg3 Qxg3+ 25. hxg3 Bd7 26. exd7 Rd8 27. f5 Rxd7 28. Bh6+ Kxh6 29. Qg6# 1-0


[Site "https://www.chess.com"]

[Event "Titled Tuesday Blitz August 08 Early 2023"]
[White "Souleidis, Georgios"]
[Black "Mazurkiewicz, Michal"]
[WhiteFideId "4206827"]
[BlackFideId "1124943"]
[WhiteElo "2557"]
[BlackElo "2364"]
[Result "1/2-1/2"]
[Round "3"]
[TimeControl "180+1"]
[Date "2023.08.08"]
[WhiteClock "0:00:08"]
[BlackClock "0:00:10"]
[Board "166"]

1. e4 d6 2. d4 Nf6 3. Nc3 c6 4. a4 e5 5. Nf3 Qc7 6. Bc4 Be7 7. O-O O-O 8. h3 Nbd7 9. Re1 b6 10. d5 cxd5 11. Bxd5 Bb7 12. Nb5 Qb8 13. Bxb7 Qxb7 14. Nxd6 Bxd6 15. Qxd6 Nc5 16. Qxe5 Rfe8 17. Qf4 Ncxe4 18. Be3 Nd5 19. Qh4 Qc6 20. c3 Nxe3 21. Rxe3 Nc5 22. Rxe8+ Rxe8 23. Nd4 Qd7 24. a5 bxa5 25. Rxa5 Re1+ 26. Kh2 f5 27. Qf4 Ne6 28. Nxe6 Qxe6 29. Rxf5 h6 30. Rf8+ Kh7 31. Qf5+ Qxf5 32. Rxf5 Kg6 33. Rb5 Re2 34. Kg3 a6 35. Rb6+ Kf7 36. Kf3 Rd2 37. Ke3 Rc2 38. g4 Ke7 39. h4 a5 40. h5 a4 41. Rb4 a3 42. Rb7+ Kf6 43. bxa3 Rxc3+ 44. Kf4 Rc4+ 45. Kg3 Rc3+ 46. f3 Rxa3 47. Rb6+ Kf7 48. Rb4 Kf6 49. Rf4+ Ke6 50. Rc4 Kf6 51. Rc7 Ra4 52. f4 Ra3+ 53. Kh4 Ra4 54. Rc6+ Kf7 55. Rc7+ Kf6 56. Rc6+ Kf7 57. f5 Ra1 58. Rc7+ Kf6 59. Rc6+ Kf7 60. Rb6 Rh1+ 61. Kg3 Rg1+ 62. Kf4 Rf1+ 63. Ke4 Re1+ 64. Kf3 Rf1+ 65. Kg2 Ra1 66. Kg3 Rg1+ 67. Kh3 Rh1+ 68. Kg2 Ra1 69. Rb4 Kf6 70. Rb6+ Kf7 1/2-1/2


[Site "https://www.chess.com"]

[Event "Titled Tuesday Blitz August 08 Early 2023"]
[White "Kanyamarala, Trisha"]
[Black "Pratama, Constantius Leonardo"]
[WhiteFideId "45004722"]
[BlackFideId "7104677"]
[WhiteElo "2363"]
[BlackElo "2557"]
[Result "1/2-1/2"]
[Round "3"]
[TimeControl "180+1"]
[Date "2023.08.08"]
[WhiteClock "0:00:08"]
[BlackClock "0:00:15"]
[Board "167"]

1. Nf3 Nf6 2. b3 g6 3. Bb2 Bg7 4. g3 O-O 5. Bg2 d6 6. O-O e5 7. d3 Re8 8. Nbd2 Nbd7 9. c4 c6 10. Rc1 b6 11. Ng5 Bb7 12. Nge4 Nxe4 13. Nxe4 Nf6 14. Ba3 Nxe4 15. Bxe4 d5 16. cxd5 cxd5 17. Bg2 Rc8 18. Qd2 Qd7 19. h4 Rxc1 20. Rxc1 Rc8 21. Kh2 f5 22. h5 Kf7 23. Rxc8 Qxc8 24. Qb4 Qd7 25. Bb2 Qe7 26. Qb5 e4 27. Bxg7 Kxg7 28. dxe4 dxe4 29. Qc4 Kh6 30. hxg6 hxg6 31. Qc1+ Kg7 32. Qc3+ Qf6 33. Qc7+ Qf7 34. Qe5+ Kh7 35. Qb8 Bd5 36. e3 Qb7 37. Qe5 a5 38. Bf1 Qd7 39. Be2 Bf7 40. Bb5 Qd2 41. Kg1 Qe1+ 42. Kg2 Qd2 43. Qe7 Kg8 44. Be8 Bxe8 45. Qxe8+ Kg7 46. Qe7+ Kh6 47. Qf8+ Kh7 48. Qf7+ Kh6 49. Qf8+ Kh7 50. Qf7+ Kh6 51. Qf8+ 1/2-1/2


[Site "https://www.chess.com"]

[Event "Titled Tuesday Blitz August 08 Early 2023"]
[White "Belov, Alexei"]
[Black "Hoffmann, Asa"]
[WhiteFideId "4128206"]
[BlackFideId "2001470"]
[WhiteElo "2556"]
[BlackElo "2352"]
[Result "0-1"]
[Round "3"]
[TimeControl "180+1"]
[Date "2023.08.08"]
[WhiteClock "0:01:10"]
[BlackClock "0:01:23"]
[Board "168"]

1. e4 d6 2. d4 Nf6 3. Nc3 c6 4. f4 Qa5 5. Bd3 e5 6. Nf3 exd4 7. Nxd4 Qb6 8. Nb3 a5 9. a4 Na6 10. Qe2 Bg4 11. Qf2 Qxf2+ 12. Kxf2 Be6 13. Nd4 Nc5 14. Nxe6 Nxd3+ 15. cxd3 fxe6 16. h3 d5 17. Be3 Bb4 18. Kf3 O-O 19. g4 Rad8 20. Rad1 d4 21. Na2 dxe3 22. Nxb4 axb4 23. Kxe3 b3 24. Ra1 Ra8 25. Ra3 Nd7 26. a5 Rfd8 27. d4 c5 28. Rd1 c4 29. d5 exd5 30. Rxd5 Nf6 31. Rxd8+ Rxd8 32. Ra4 Rc8 33. Rb4 Rc7 34. e5 Nd5+ 0-1


[Site "https://www.chess.com"]

[Event "Titled Tuesday Blitz August 08 Early 2023"]
[White "Silva, Kaua Marques"]
[Black "Girsh, Daniel"]
[WhiteFideId "22701168"]
[BlackFideId "30949190"]
[WhiteElo "2359"]
[BlackElo "2555"]
[Result "1-0"]
[Round "3"]
[TimeControl "180+1"]
[Date "2023.08.08"]
[WhiteClock "0:01:54"]
[BlackClock "0:00:46"]
[Board "169"]

1. e4 e5 2. Nf3 Nc6 3. Bb5 a6 4. Ba4 Nf6 5. O-O Be7 6. Re1 b5 7. Bb3 O-O 8. h3 Bb7 9. c3 d5 10. exd5 Nxd5 11. Nxe5 Nxe5 12. Rxe5 Nf4 13. d4 Bd6 14. Bxf4 Bxe5 15. Bxe5 c5 16. Nd2 cxd4 17. Bxd4 Kh8 18. Qh5 Qd7 19. Nf3 Bxf3 20. Qxf3 Rae8 21. Bc2 f5 22. a4 b4 23. a5 bxc3 24. Bxc3 Rb8 25. Rd1 Qe6 26. Re1 Qd7 27. Bd3 Ra8 28. Re5 f4 29. Qe4 Kg8 30. Qxh7+ Kf7 31. Bg6+ Kf6 32. Re4+ Kg5 33. Qh5# 1-0


[Site "https://www.chess.com"]

[Event "Titled Tuesday Blitz August 08 Early 2023"]
[White "MarijaKuznecova"]
[Black "SmirnovAlexandrA"]
[WhiteElo "2350"]
[BlackElo "2554"]
[Result "0-1"]
[Round "3"]
[TimeControl "180+1"]
[Date "2023.08.08"]
[WhiteClock "0:00:03"]
[BlackClock "0:00:43"]
[Board "170"]

1. e4 d5 2. exd5 Qxd5 3. Nc3 Qd6 4. d4 Nf6 5. Nf3 a6 6. Ne5 Nc6 7. Nxc6 Qxc6 8. d5 Qd6 9. Be2 Bf5 10. Bf3 O-O-O 11. O-O g5 12. Bxg5 Rg8 13. Be3 Ng4 14. Bxg4 Bxg4 15. Qd4 Bh3 16. g3 e5 17. Qh4 Bxf1 18. Rxf1 f5 19. Bg5 Re8 20. Bd2 f4 21. Qxh7 Be7 22. Qh3+ Kb8 23. Kh1 Rh8 24. Qg2 Reg8 25. Kg1 Bh4 26. Ne2 Qf6 27. f3 fxg3 28. hxg3 Bg5 29. Bxg5 Rxg5 30. g4 e4 31. f4 Qb6+ 32. Rf2 Rxd5 33. Qxe4 Rd1+ 34. Kg2 Qh6 35. Kf3 Qh3+ 36. Ng3 Rhd8 37. Qe3 Rg1 38. Qe7 Qxg3+ 39. Ke4 Re1+ 0-1


[Site "https://www.chess.com"]

[Event "Titled Tuesday Blitz August 08 Early 2023"]
[White "Carre, Sylvain"]
[Black "Santos Flores, Alberto"]
[WhiteFideId "642118"]
[BlackFideId "3601234"]
[WhiteElo "2350"]
[BlackElo "2554"]
[Result "0-1"]
[Round "3"]
[TimeControl "180+1"]
[Date "2023.08.08"]
[WhiteClock "0:00:21"]
[BlackClock "0:00:41"]
[Board "171"]

1. d4 d5 2. Bf4 Nf6 3. e3 c5 4. c3 Nc6 5. Nd2 Qb6 6. Qb3 c4 7. Qc2 Bg4 8. e4 e6 9. e5 Nd7 10. Ngf3 Bf5 11. Qc1 h6 12. Be2 Qd8 13. Bd1 Be7 14. Bc2 Bxc2 15. Qxc2 b5 16. a3 O-O 17. O-O a5 18. h4 Bxh4 19. Nxh4 Qxh4 20. Bg3 Qe7 21. Nf3 b4 22. axb4 axb4 23. Bh4 Qe8 24. Nh2 b3 25. Qd2 Ra2 26. Ng4 Kh7 27. Rxa2 bxa2 28. Ra1 Qa8 29. Qc2+ Kg8 30. Qd2 Kh7 31. Qc2+ g6 32. Qd2 g5 33. Bxg5 hxg5 34. Qxg5 Rh8 35. Qe7 Nxe7 0-1


[Site "https://www.chess.com"]

[Event "Titled Tuesday Blitz August 08 Early 2023"]
[White "dr_tatiana"]
[Black "FoxOnTheRun97"]
[WhiteElo "2348"]
[BlackElo "2553"]
[Result "0-1"]
[Round "3"]
[TimeControl "180+1"]
[Date "2023.08.08"]
[WhiteClock "0:00:12"]
[BlackClock "0:00:39"]
[Board "172"]

1. e4 c6 2. d4 d5 3. f3 Qb6 4. Nc3 dxe4 5. fxe4 e5 6. Nf3 exd4 7. Qxd4 Qxd4 8. Nxd4 Bc5 9. Be3 Nd7 10. O-O-O Ngf6 11. h3 Bb6 12. g4 Ne5 13. Bg2 Be6 14. Rhe1 O-O-O 15. Nf5 Bxe3+ 16. Rxe3 Rxd1+ 17. Kxd1 Nc4 18. Kc1 Nxe3 19. Nxe3 h5 20. g5 Nd7 21. h4 Ne5 22. Nf5 Bxf5 23. exf5 Ng4 24. Ne4 Kc7 25. Bf3 Re8 26. c3 Re5 27. f6 gxf6 28. gxf6 Rf5 29. Bxg4 hxg4 30. Kd2 Kd7 31. Ke3 Ke6 32. b4 Ke5 33. a4 Rf3+ 0-1


[Site "https://www.chess.com"]

[Event "Titled Tuesday Blitz August 08 Early 2023"]
[White "Al-Tarboush, Ward"]
[Black "Lopez Gracia, Fernando"]
[WhiteFideId "7601450"]
[BlackFideId "2207184"]
[WhiteElo "2553"]
[BlackElo "2344"]
[Result "1-0"]
[Round "3"]
[TimeControl "180+1"]
[Date "2023.08.08"]
[WhiteClock "0:00:20"]
[BlackClock "0:00:31"]
[Board "173"]

1. e4 c5 2. Nf3 e6 3. d4 cxd4 4. Nxd4 Nf6 5. Nc3 Nc6 6. Bf4 Bb4 7. Nb5 Nxe4 8. Qf3 d5 9. Nc7+ Kf8 10. Nxa8 Qf6 11. O-O-O Bxc3 12. bxc3 Nxc3 13. Bd6+ Ke8 14. Qxf6 gxf6 15. Rd3 Ne4 16. Bg3 Kd7 17. c4 d4 18. Be2 e5 19. Bf3 Nc5 20. Ra3 e4 21. Bg4+ Ke7 22. Bxc8 Rxc8 23. Nc7 Nd3+ 24. Kd2 Nce5 25. Nd5+ Ke6 26. Bxe5 Nxe5 27. Rc1 Nxc4+ 28. Rxc4 Rxc4 29. Nf4+ Kf5 30. Ne2 Rb4 31. Rxa7 Rb2+ 32. Kd1 d3 33. Ng3+ Ke5 34. Ra4 f5 35. Ra5+ Kd4 36. Nxf5+ Kc3 37. Rc5+ Kb4 38. Rc7 Rxf2 39. Rxb7+ Kc3 40. Rc7+ Kb4 41. Ne3 Rxa2 42. Nd5+ Ka3 43. Ra7+ Kb3 44. Rxa2 Kxa2 45. Nc3+ Kb3 46. Nxe4 f5 47. Ng3 f4 48. Nh5 Kc3 49. Nxf4 Kd4 50. Kd2 Ke4 51. Nxd3 h5 52. Ke2 h4 53. h3 Kd4 54. Nf2 Ke5 55. Kf3 Kf5 56. Ne4 Kg6 57. Kg4 Kh6 58. Kxh4 Kh7 59. Kg5 Kg7 60. h4 Kh7 61. h5 Kg7 62. h6+ Kh7 63. Nf6+ Kh8 64. Nh5 Kg8 65. g4 Kh8 66. Kg6 Kg8 67. g5 Kh8 68. Kf7 Kh7 69. g6+ Kxh6 70. g7 Kxh5 71. g8=Q Kh4 72. Kf6 Kh3 73. Kf5 Kh4 74. Qg4# 1-0


[Site "https://www.chess.com"]

[Event "Titled Tuesday Blitz August 08 Early 2023"]
[White "Olivares Olivares, Claudio"]
[Black "GaiozNigalidze"]
[WhiteFideId "3400786"]
[WhiteElo "2552"]
[BlackElo "2337"]
[Result "0-1"]
[Round "3"]
[TimeControl "180+1"]
[Date "2023.08.08"]
[WhiteClock "0:00:00"]
[BlackClock "0:00:19"]
[Board "174"]

1. e4 c5 2. Nf3 Nc6 3. d4 cxd4 4. Nxd4 Nf6 5. Nxc6 bxc6 6. Bd3 e5 7. O-O Be7 8. f4 d6 9. Kh1 O-O 10. Qf3 a5 11. Nc3 exf4 12. Bxf4 Nd7 13. Qg3 Bh4 14. Qe3 Ne5 15. Ne2 Rb8 16. b3 Bf6 17. Rad1 Re8 18. Nd4 Qb6 19. Nf5 Qxe3 20. Bxe3 Bxf5 21. Rxf5 Ng4 22. Bg1 Be5 23. Bc4 Re7 24. Rdf1 Nf6 25. g3 h6 26. Kg2 Rbb7 27. a4 Nxe4 28. Bd3 Nc5 29. Bc4 Ne4 30. Be3 d5 31. Bd3 Nd6 32. R5f3 Re6 33. Bc5 g6 34. h4 h5 35. Re1 Kg7 36. Rfe3 f6 37. R3e2 Nf7 38. Ba6 Rb8 39. Bd3 Ree8 40. Ba7 Rb7 41. Bc5 Nh6 42. Kf3 Ng4 43. Ba6 Rbb8 44. Bd3 Kf7 45. Ba7 Rb7 46. Bc5 Nh6 47. Be3 Ng8 48. Bd2 Ra7 49. g4 hxg4+ 50. Kxg4 Ne7 51. Rh1 Rh8 52. Be3 Rb7 53. Bd2 Ra7 54. Rg2 Raa8 55. Kf3 f5 56. Bg5 Bf6 57. Bd2 Rxh4 58. Re1 Rh3+ 59. Ke2 Be5 60. Kd1 Bf6 61. Kc1 Nc8 62. Reg1 Ne7 63. Be2 Rh4 64. Bd3 Bd4 65. Re1 Bf6 66. Kb1 c5 67. Ka2 c4 68. bxc4 dxc4 69. Bf1 Rb8 70. Bc1 Re4 71. Rd1 Nc6 72. Rd7+ Ke6 73. Rc7 Nb4+ 74. Ka3 Rg4 75. Rxg4 fxg4 76. Bxc4+ Kf5 77. Rc5+ Ke4 78. Rxa5 Nxc2+ 79. Ka2 Nb4+ 80. Ka3 g3 81. Rb5 Rxb5 82. axb5 g2 83. Kxb4 g1=Q 0-1


[Site "https://www.chess.com"]

[Event "Titled Tuesday Blitz August 08 Early 2023"]
[White "Mazibuko, Khanya"]
[Black "Palczert, Matyas"]
[WhiteFideId "14321041"]
[BlackFideId "784958"]
[WhiteElo "2332"]
[BlackElo "2549"]
[Result "1-0"]
[Round "3"]
[TimeControl "180+1"]
[Date "2023.08.08"]
[WhiteClock "0:00:11"]
[BlackClock "0:00:00"]
[Board "175"]

1. e4 c5 2. Nf3 e6 3. c3 Nf6 4. e5 Nd5 5. Bc4 Nb6 6. Bb3 d6 7. O-O Nc6 8. d4 dxe5 9. dxe5 Qxd1 10. Rxd1 Nd7 11. Bf4 h6 12. h4 b6 13. Na3 Bb7 14. Nb5 O-O-O 15. Nd6+ Bxd6 16. Rxd6 Ne7 17. Rad1 Nf5 18. R6d2 Bxf3 19. gxf3 Nxh4 20. Rd3 Ng6 21. Bg3 Ndxe5 22. Re3 Rxd1+ 23. Bxd1 Rd8 24. Be2 Nc6 25. Ba6+ Kd7 26. Bb5 Ne7 27. b4 Ke8 28. f4 Kf8 29. bxc5 bxc5 30. c4 Nd4 31. Ra3 Nef5 32. Rxa7 Ne2+ 33. Kg2 Rd2 34. Kf3 Ned4+ 35. Ke4 Nxg3+ 36. fxg3 Re2+ 37. Kd3 Rg2 38. a4 Rxg3+ 39. Ke4 Rg2 40. Ke5 Re2+ 41. Kd6 Nf5+ 42. Kxc5 h5 43. a5 h4 44. Bc6 h3 45. a6 g5 46. fxg5 Re5+ 47. Kb4 Nd4 48. Bh1 Re1 49. Bb7 Rb1+ 50. Kc3 1-0


[Site "https://www.chess.com"]

[Event "Titled Tuesday Blitz August 08 Early 2023"]
[White "Sala, Giulia"]
[Black "Mendez Fortes, Eduardo Jesus"]
[WhiteFideId "2840451"]
[BlackFideId "3502376"]
[WhiteElo "2322"]
[BlackElo "2544"]
[Result "0-1"]
[Round "3"]
[TimeControl "180+1"]
[Date "2023.08.08"]
[WhiteClock "0:00:54"]
[BlackClock "0:01:19"]
[Board "176"]

1. d4 Nf6 2. Bf4 d5 3. e3 c5 4. dxc5 Nc6 5. Bb5 e6 6. b4 Bd7 7. c3 a5 8. Qb3 b6 9. Bxc6 Bxc6 10. b5 Bd7 11. c6 Bc8 12. a4 Bc5 13. Nf3 O-O 14. O-O Ne4 15. Nbd2 Nxd2 16. Nxd2 f6 17. e4 Kh8 18. Rae1 e5 19. Be3 d4 20. cxd4 exd4 21. Bf4 Re8 22. Qf3 Be6 23. e5 f5 24. h4 Qe7 25. Bg5 Qf7 26. Rd1 Bd5 27. Qf4 h6 28. Bxh6 gxh6 29. Qxh6+ Kg8 30. Rfe1 Re6 31. Qf4 Rg6 32. Nf3 Rg4 33. e6 Qg6 34. Ng5 Rxf4 0-1


[Site "https://www.chess.com"]

[Event "Titled Tuesday Blitz August 08 Early 2023"]
[White "Kuzmin, Roman"]
[Black "amanjazu"]
[WhiteFideId "44134932"]
[WhiteElo "2543"]
[BlackElo "2320"]
[Result "0-1"]
[Round "3"]
[TimeControl "180+1"]
[Date "2023.08.08"]
[WhiteClock "0:00:00"]
[BlackClock "0:00:08"]
[Board "177"]

1. e4 d5 2. exd5 Nf6 3. Bb5+ Bd7 4. Be2 Nxd5 5. d4 e6 6. c4 Nf6 7. Nc3 c6 8. Nf3 Bd6 9. O-O O-O 10. Ne5 Qc7 11. Bf4 c5 12. Nb5 Bxb5 13. cxb5 Nd5 14. Bg3 f5 15. Bf3 f4 16. Bh4 Ne7 17. Bxe7 Qxe7 18. Nc4 Nd7 19. Re1 Kh8 20. dxc5 Bxc5 21. Qe2 e5 22. Bxb7 Rab8 23. Bc6 Rf5 24. Qf3 Nb6 25. Nxb6 axb6 26. Rad1 Rd8 27. Qe4 Rxd1 28. Rxd1 Rf8 29. Rd7 Qh4 30. Rd2 Rd8 31. Qe2 Bxf2+ 32. Qxf2 Qf6 0-1


[Site "https://www.chess.com"]

[Event "Titled Tuesday Blitz August 08 Early 2023"]
[White "Ziatdinov, Raset"]
[Black "Dobrikov, Marco"]
[WhiteFideId "2015323"]
[BlackFideId "12950378"]
[WhiteElo "2316"]
[BlackElo "2538"]
[Result "1-0"]
[Round "3"]
[TimeControl "180+1"]
[Date "2023.08.08"]
[WhiteClock "0:01:51"]
[BlackClock "0:01:51"]
[Board "178"]

1. e4 g6 2. d4 Bg7 3. Be3 c5 4. Ne2 cxd4 5. Nxd4 Nc6 6. Qd2 Qb6 7. Nb3 Qd8 8. Nc3 d6 9. f3 Nf6 10. O-O-O a5 11. g4 a4 12. Nd4 Nd7 13. h4 Nc5 14. Nxc6 bxc6 15. Bxc5 a3 16. Bxa3 Qa5 17. Nb1 Qb6 18. b3 Be6 19. Bb2 Bxb2+ 20. Kxb2 Kd7 21. Qd4 Qa5 22. a3 Rhb8 23. Bc4 Rb4 24. Bxe6+ 1-0


[Site "https://www.chess.com"]

[Event "Titled Tuesday Blitz August 08 Early 2023"]
[White "Janaszak, Dawid"]
[Black "Konenkin, Dmitry"]
[WhiteFideId "1119206"]
[BlackFideId "4185781"]
[WhiteElo "2531"]
[BlackElo "2303"]
[Result "1-0"]
[Round "3"]
[TimeControl "180+1"]
[Date "2023.08.08"]
[WhiteClock "0:00:11"]
[BlackClock "0:00:00"]
[Board "179"]

1. e4 d6 2. Nc3 Nf6 3. d4 e5 4. Nge2 Be7 5. g3 h5 6. h3 Nc6 7. Bg2 h4 8. g4 exd4 9. Nxd4 Nxd4 10. Qxd4 Be6 11. Bf4 c5 12. Qd2 Qb6 13. O-O-O O-O-O 14. Rhe1 Nd7 15. Nd5 Bxd5 16. Qxd5 Bf6 17. c3 Ne5 18. Be3 Qc6 19. f4 Qxd5 20. Rxd5 Nc4 21. Bf2 Rhe8 22. g5 Be7 23. Bxh4 Nb6 24. Rd2 Rh8 25. Bg3 f6 26. h4 Nc4 27. Rf2 fxg5 28. fxg5 Rhf8 29. Ref1 Ne3 30. Rxf8 Bxf8 31. Bh3+ Kc7 32. Rf7+ Kc6 33. b3 d5 34. Kd2 d4 35. e5 Nd5 36. c4 Ne3 37. e6 Re8 38. h5 b5 39. Kd3 bxc4+ 40. bxc4 Rd8 41. e7 Bxe7 42. Rxe7 Rf8 43. h6 gxh6 44. gxh6 Rf3 45. h7 Nf5+ 46. Ke2 Rxg3 47. Bxf5 1-0


[Site "https://www.chess.com"]

[Event "Titled Tuesday Blitz August 08 Early 2023"]
[White "Doluhanova, Evgeniya"]
[Black "Salman, Pavel"]
[WhiteFideId "14112035"]
[BlackFideId "24153753"]
[WhiteElo "2300"]
[BlackElo "2530"]
[Result "0-1"]
[Round "3"]
[TimeControl "180+1"]
[Date "2023.08.08"]
[WhiteClock "0:00:09"]
[BlackClock "0:00:40"]
[Board "180"]

1. e4 c5 2. Nf3 e6 3. d4 cxd4 4. Nxd4 a6 5. Nc3 Qc7 6. a3 Nf6 7. Bd3 b5 8. Qe2 Bb7 9. Bg5 Be7 10. h4 h6 11. Bd2 d6 12. g4 Nbd7 13. O-O-O Nc5 14. g5 Nfd7 15. Kb1 Ne5 16. f4 Nexd3 17. cxd3 Qb6 18. Be3 b4 19. axb4 Qxb4 20. Nc2 Qb3 21. Bxc5 dxc5 22. Na3 Rb8 23. Qc2 Qxc2+ 24. Kxc2 f5 25. Nc4 h5 26. Rhe1 fxe4 27. Nxe4 O-O 28. Ng3 Rxf4 29. Rxe6 Bf8 30. Rb6 Rg4 31. Nf5 Rxc4+ 32. Kb1 Rb4 0-1


[Site "https://www.chess.com"]

[Event "Titled Tuesday Blitz August 08 Early 2023"]
[White "Baghdasaryan, Vahe"]
[Black "rionelG"]
[WhiteFideId "13303139"]
[WhiteElo "2529"]
[BlackElo "2300"]
[Result "1-0"]
[Round "3"]
[TimeControl "180+1"]
[Date "2023.08.08"]
[WhiteClock "0:00:10"]
[BlackClock "0:00:13"]
[Board "181"]

1. e4 c5 2. c3 d5 3. exd5 Qxd5 4. d4 Nc6 5. Nf3 Nf6 6. Be3 cxd4 7. cxd4 e6 8. Nc3 Qd6 9. Bd3 Be7 10. a3 O-O 11. h3 b6 12. Rc1 Bb7 13. Ne4 Qd8 14. Nxf6+ Bxf6 15. Be4 Rc8 16. O-O Qe7 17. Qa4 a6 18. Bxc6 b5 19. Bxb5 axb5 20. Qxb5 Bxf3 21. gxf3 h6 22. Qa6 Qd7 23. Rxc8 Rxc8 24. Rd1 Rc2 25. b4 Qd5 26. Qd3 Rb2 27. Qe4 Qb3 28. d5 exd5 29. Rxd5 g6 30. Rd6 Kg7 31. Rxf6 Kxf6 32. Bd4+ Kg5 33. h4+ Kh5 34. Qg4# 1-0


[Site "https://www.chess.com"]

[Event "Titled Tuesday Blitz August 08 Early 2023"]
[White "Ruge, Edison"]
[Black "Sreyas Payyappat"]
[WhiteFideId "4401000"]
[BlackFideId "46674969"]
[WhiteElo "2272"]
[BlackElo "2528"]
[Result "0-1"]
[Round "3"]
[TimeControl "180+1"]
[Date "2023.08.08"]
[WhiteClock "0:00:00"]
[BlackClock "0:00:08"]
[Board "182"]

1. e4 c6 2. d3 d5 3. Nd2 e5 4. Ngf3 Bd6 5. g3 Nf6 6. Bg2 O-O 7. O-O Bg4 8. h3 Bh5 9. Qe2 Re8 10. Re1 Na6 11. a3 Nc5 12. b4 Ne6 13. Qf1 Qc7 14. Bb2 Rad8 15. Rac1 d4 16. Nc4 c5 17. b5 Bxf3 18. Bxf3 a6 19. b6 Qc6 20. Rb1 Nd7 21. Bc1 f5 22. Nxd6 Qxd6 23. exf5 Nef8 24. Bxb7 Nxb6 25. Bg5 Rb8 26. Be4 Nd5 27. Qg2 Nc3 28. Rxb8 Rxb8 29. f4 Nd7 30. fxe5 Nxe5 31. Bf4 Re8 32. Qf2 c4 33. Kg2 cxd3 34. cxd3 Nd5 35. Qa2 Rd8 36. Bxe5 Qxe5 37. Bxd5+ Qxd5+ 38. Qxd5+ Rxd5 39. g4 Ra5 40. Ra1 Rc5 41. Kf3 Re5 42. Kf4 Re3 43. Rd1 Kf7 44. g5 Rxh3 45. Ke4 Rh4+ 46. Ke5 Rg4 47. Rb1 Rxg5 48. Rb7+ Ke8 49. Ke6 Kd8 50. Rd7+ Kc8 51. Ra7 h5 52. Rxa6 h4 0-1


[Site "https://www.chess.com"]

[Event "Titled Tuesday Blitz August 08 Early 2023"]
[White "Pinero Rodriguez, Carlos Jose"]
[Black "Samaganova, Aleksandra"]
[WhiteFideId "3901726"]
[BlackFideId "13800221"]
[WhiteElo "2527"]
[BlackElo "2238"]
[Result "1-0"]
[Round "3"]
[TimeControl "180+1"]
[Date "2023.08.08"]
[WhiteClock "0:01:16"]
[BlackClock "0:00:02"]
[Board "183"]

1. e4 c5 2. Nf3 e6 3. d4 cxd4 4. Nxd4 a6 5. Bd3 Qc7 6. Qe2 Nc6 7. Nb3 Nf6 8. c4 Be7 9. Nc3 O-O 10. O-O Ne5 11. h3 d6 12. Be3 Bd7 13. Rac1 Rac8 14. Rfd1 Qb8 15. Nd2 Nxd3 16. Qxd3 b5 17. cxb5 axb5 18. b4 h6 19. a3 Qb7 20. f3 Ra8 21. Ncb1 Rfc8 22. Nb3 Bc6 23. Na5 Rxa5 24. bxa5 d5 25. e5 Nd7 26. Bd4 b4 27. axb4 Bxb4 28. a6 Qa8 29. a7 Ba4 30. Rxc8+ Qxc8 31. Rf1 g6 32. Nc3 Bc6 33. Rb1 Ba5 34. Nb5 Kg7 35. Nd6 Qd8 36. Qa6 Ba8 37. Qc8 g5 38. Qxd8 Bxd8 39. Rb8 Bc7 40. Rxa8 1-0


[Site "https://www.chess.com"]

[Event "Titled Tuesday Blitz August 08 Early 2023"]
[White "Cagara, Paulina"]
[Black "Ansh M Shah"]
[WhiteFideId "1124870"]
[BlackFideId "25033379"]
[WhiteElo "2245"]
[BlackElo "2527"]
[Result "0-1"]
[Round "3"]
[TimeControl "180+1"]
[Date "2023.08.08"]
[WhiteClock "0:01:30"]
[BlackClock "0:01:21"]
[Board "184"]

1. e4 c5 2. Nc3 Nc6 3. Bb5 g6 4. Bxc6 bxc6 5. d3 Bg7 6. f4 d6 7. Nf3 Nf6 8. O-O O-O 9. Qe1 d5 10. e5 Nd7 11. b3 e6 12. Na4 Ba6 13. c4 Qe7 14. Ba3 f6 15. exf6 Qxf6 16. Ne5 Nxe5 17. fxe5 Qxe5 18. Bxc5 Rxf1+ 19. Qxf1 Qxa1 20. Qxa1 Bxa1 21. Be7 Bd4+ 22. Kf1 Re8 23. Bd6 e5 0-1


[Site "https://www.chess.com"]